 Dungeon Crawl Stone Soup version 0.30-a0-860-g512cf1e979 (webtiles) character file.

Game seed: 1299168003717898147

61 Newt the Trooper (level 3, -4/30 HPs)
             Began as a Demonspawn Gladiator on Mar 7, 2023.
             Slain by an orc
             ... wielding a +0 whip
              (5 damage)
             ... on level 3 of the Dungeon.
             The game lasted 00:01:47 (1781 turns).

Newt the Trooper (Demonspawn Gladiator)             Turns: 1781, Time: 00:01:48

Health: -4/30      AC:  5    Str: 16    XL:     3   Next: 83%
Magic:  3/3        EV: 12    Int:  9    God:
Gold:   69         SH:  0    Dex: 14    Spells: 2/2 levels left

rFire   . . .      SeeInvis +    i - +2 hand axe (heavy)
rCold   . . .      Faith    .    (no shield)
rNeg    . . .      Spirit   .    b - +1 leather armour
rPois   .          Reflect  .    c - +0 helmet
rElec   .          Rampage  .    (no cloak)
rCorr   .                        (no gloves)
Will    .....                    (no boots)
Stlth   +                        (no amulet)
HPRegen 0.25/turn                l - ring of see invisible
MPRegen 0.08/turn                (no ring)

@: attractive
A: weakness stinger 1
a: no special abilities


You were on level 3 of the Dungeon.
You visited 1 branch of the dungeon, and saw 3 of its levels.

You collected 69 gold pieces.

Inventory:

Hand Weapons
 a - a +0 rapier
 i - a +2 heavy hand axe (weapon)
Missiles
 d - 3 throwing nets (quivered)
 e - a javelin
 j - 5 poisoned darts
Armour
 b - a +1 leather armour (worn)
 c - a +0 helmet (worn)
Jewellery
 l - a ring of see invisible (left hand)
Scrolls
 g - a scroll of identify
Potions
 f - a potion of magic
 h - a potion of flight


   Skills:
 + Level 4.2 Fighting
 - Level 2.6 Short Blades
 - Level 1.7 Throwing
 - Level 2.6 Dodging


You had 2 spell levels left.
You didn't know any spells.
Your spell library contained the following spells:

 Spells                   Type           Power      Damage    Failure   Level
 Apportation              Tloc           0%         N/A       45%         1
 Lesser Beckoning         Tloc           0%         N/A       58%         2
 Gell's Gravitas          Tloc           0%         N/A       83%         3
 Teleport Other           Tloc           0%         N/A       83%         3
 Alistair's Intoxication  Tmut/Pois      0%         N/A       100%        5


Dungeon Overview and Level Annotations

Branches:
Dungeon (3/15)

Altars:


Innate Abilities, Weirdness & Mutations

You have a small tail.


Message History

An orc priest and 4 orcs come into view.
Found a stone staircase leading down.
The orc priest shouts!
The orc shouts! x3
The orc shouts!
The orc priest invokes the aid of Beogh against you.
Beogh smites you!
Found 10 gold pieces.
You slash the endoplasm!
You kill the endoplasm!
The orc throws a boomerang.
The boomerang misses you.
Unknown command.
The orc hits you with a +0 short sword.
The orc suddenly roars, as Orcs often do.
You closely miss the orc. You slash the orc!
You kill the orc!
The orc throws a boomerang.
The boomerang barely misses you.
The orc priest mumbles some strange prayers to Beogh against you.
Pain shoots through your body! The orc hits you but does no damage.
The orc misses you. The orc hits you but does no damage.
You closely miss the orc. You hit the orc. The orc misses you.
The orc hits you but does no damage. The orc hits you with a +0 whip.
The orc misses you. The orc attacks as you move away!
The orc hits you with a +0 whip.
The orc throws a boomerang.
The boomerang hits you.
You hit the orc but do no damage.
The orc throws a boomerang.
The boomerang completely misses you. The orc hits you with a +0 whip.
The orc priest begins to cast a cantrip, but forgets the words!
It was a potion of attraction.
You feel attractive to monsters. The orc hits you with a +0 hand axe.
* * * LOW HITPOINT WARNING * * *
The orc hits you but does no damage. The orc barely misses you.
Unknown command.
You barely miss the orc.
Your tail-slap misses the orc.
You slash the orc!
You kill the orc!
You hit the orc but do no damage. The orc completely misses you.
The orc hits you but does no damage. The orc hits you with a +0 hand axe.
* * * LOW HITPOINT WARNING * * *
The orc hits you with a +0 whip.
You die...

*,*.8...8.#........,,,,,,,
*,*.......#........,,,,,,,
*,#.......#.....[.[,,,***,
*,#.......#......##,,,,,*,
*,#.8...8.#....#.#***,,,,,
*,#.......#....#.# ***,,,,
*,.......)..####,#**,,,*,,
******##..o##)##
*,,,,,****,
*,,,,,...,#o@o# *,***** **
*,,,,.......### *,* *
*,,,,......#* *** *
*,,,,.....#* * *,,,,.....*
* *,,,,...>,* *
*,,,,...,,*
*****,,,,.$.,,*
,,,,,,,,,,,,,,*


You could see an orc priest and 2 orcs.

Vanquished Creatures
  An adder (D:2)
  A worm (D:3)
  2 orcs (D:3)
  5 ball pythons
  3 endoplasms
  3 giant cockroaches
  2 goblins (D:2)
  6 hobgoblins
  8 jackals
  4 kobolds
  A quokka (D:2)
  A bat (D:1)
  2 frilled lizards (D:2)
  2 rats (D:2)
41 creatures vanquished.

Notes
Turn   | Place    | Note
-------+----------+-------------------------------------------
     0 | D:1      | Newt the Demonspawn Gladiator began the quest for the Orb.
     0 | D:1      | Reached XP level 1. HP: 16/16 MP: 1/1
   353 | D:1      | Gained mutation: You have a small tail. [demonic ancestry]
   353 | D:1      | Reached XP level 2. HP: 7/23 MP: 2/2
   364 | D:1      | Reached skill level 3 in Fighting
   988 | D:2      | Reached XP level 3. HP: 29/29 MP: 3/3
  1291 | D:2      | Reached skill level 4 in Fighting
  1781 | D:3      | HP: 1/30 [orc/+0 hand axe (5)]
  1781 | D:3      | Slain by an orc

Illustrated notes

Levels and vault maps discovered:
D:1:      reono_arrival_mine, layout_rooms
D:2:      layout_basic
D:3:      cheibrodos_pilgrimage, layout_rooms, cheibrodos_sewer_entry_bend,
          uniq_natasha

Skill      XL: |  1  2  3 |
---------------+----------+-----
Fighting       | 3 4 |  4.2
Short Blades   | |  2.6
Throwing       | |  1.7
Dodging        | |  2.6

Action                     || total
---------------------------++-------
  Melee: Rapier            ||     7
         Hand axe          ||    87
         Punch             ||     1
         Tailslap          ||     8
    Use: Scroll            ||     7
         Potion            ||     1
 Armour: Leather armour    ||    39
  Dodge: Dodged            ||    99

Table legend: (Time is in decaauts)
 A = Elapsed time spent in this place.
 B = Non-inter-level travel time spent in this place.
 C = Inter-level travel time spent in this place.
 D = Time resting spent in this place.
 E = Time spent auto-exploring this place.
 F = Levels seen in this place.
 G = Mean time per level.
                   A        B        C        D        E       F      G
               +--------+--------+--------+--------+--------+-----+--------+
         Total |   1858 |   1808 |     50 |    392 |   1069 |   3 |  619.3 |
       Dungeon |   1858 |   1808 |     50 |    392 |   1069 |   3 |  619.3 |
               +--------+--------+--------+--------+--------+-----+--------+

Top non-repeatable levels by time:
     D:2: 908 daAuts
     D:1: 859 daAuts
     D:3: 90 daAuts
